 Dungeon Crawl Stone Soup version 0.25-a0-403-g49d089a364 (webtiles) character file.

Game seed: 9649778348395176170, levelgen mode: deterministic

14 DerDa the Skirmisher (level 2, -1/27 HPs)
             Began as a Minotaur Berserker on Jan 9, 2020.
             Was a Follower of Trog.
             Slain by a kobold
             ... wielding a +0 club
              (5 damage)
             ... on level 1 of the Dungeon.
             The game lasted 00:00:50 (433 turns).

DerDa the Skirmisher (Minotaur Berserker)            Turns: 433, Time: 00:00:50

Health: -1/27      AC:  2    Str: 21    XL:     2   Next: 31%
Magic:  1/1        EV: 12    Int:  4    God:    Trog [*.....]
Gold:   22         SH:  0    Dex:  9    Spells: 1/1 levels left

rFire    . . .     SeeInvis .   a - +0 falchion
rCold    . . .     Gourm    .   (no shield)
rNeg     . . .     Faith    .   b - +0 animal skin
rPois    .         Spirit   .   (helmet restricted)
rElec    .         Reflect  .   (no cloak)
rCorr    .         Harm     .   (no gloves)
MR       .....                  (no boots)
Stlth    +.........             (no amulet)
HPRegen  0.09/turn              (no ring)
MPRegen  0.07/turn              (no ring)

@: no status effects
A: retaliatory headbutt, horns 2
a: Berserk, Renounce Religion


You were on level 1 of the Dungeon.
You worshipped Trog.
Trog was aware of your devotion.
You were not hungry.

You visited 1 branch of the dungeon, and saw 1 of its levels.

You collected 22 gold pieces.

Inventory:

Hand Weapons
 a - a +0 falchion (weapon)
 g - a +1 antimagic whip
Armour
 b - a +0 animal skin (worn)
Scrolls
 d - 2 scrolls of enchant armour {unknown}
 e - a scroll of remove curse {unknown}
 h - a scroll of identify {unknown}
 i - a scroll of enchant weapon {unknown}
Comestibles
 c - a ration
 f - a chunk of flesh


   Skills:
 * Level 3.9 Fighting
 + Level 3.8 Long Blades
 + Level 2.6 Armour
 * Level 2.6 Dodging


You had one spell level left.
You didn't know any spells.
Your spell library was empty.

Dungeon Overview and Level Annotations

Branches:
Dungeon (1/15)

Altars:


Innate Abilities, Weirdness & Mutations

You reflexively headbutt those who attack you in melee.
You have a pair of horns on your head.


Message History

Found 20 stones.
i - a scroll labeled FEOCLU JOZUZ A kobold comes into view.
It is wielding a +0 club.
The kobold shouts!
The kobold throws a stone.
The stone hits you.
Found a scroll labeled SOAL XOKLONISCH.
You see here a stone.
A goblin comes into view. It is wielding a +0 club.
The kobold throws a stone.
The stone misses you.
The goblin shouts!
The kobold throws a stone.
The stone closely misses you.
You hit the goblin.
You kill the goblin!
Trog accepts your kill. The kobold hits you with a +0 club.
The kobold hits you with a +0 club.
* * * LOW HITPOINT WARNING * * *
You see here a +0 club.
The kobold hits you with a +0 club.
You die...

................
#......####.##..#.# .#
....#..# #.##..#.# .#
.......# #.##..#.#..
#......####.##..#.#.
##.............. ..
............##.# .#
###....####(##.##.#
#.......(....)@.#
#...##.##.##.K.....#
###...##.##.##.#######
......##.##?##.#
##...###.##.....
##...# #.#####.#
.......... ...
....####.. #.# ##..#
#..


You could see a kobold.

Vanquished Creatures
  A leopard gecko (D:1)
  5 goblins (D:1)
  2 hobgoblins (D:1)
  A ball python (D:1)
  A bat (D:1)
  A kobold (D:1)
  2 rats (D:1)
13 creatures vanquished.

Notes
Turn   | Place    | Note
-------+----------+-------------------------------------------
     0 | D:1      | DerDa the Minotaur Berserker began the quest for the Orb.
     0 | D:1      | Reached XP level 1. HP: 19/19 MP: 0/0
   290 | D:1      | Reached XP level 2. HP: 25/27 MP: 1/1
   433 | D:1      | Slain by a kobold

Levels and vault maps discovered:
D:1:      sevenhm_arrival_forest_fort_small_5, layout_basic,
          chequers_serial_rivers_micro_c

Action                   || total
-------------------------++-------
Melee: Falchion          ||    22
       Headbutt          ||     6
Armor: Animal skin       ||     5
Dodge: Dodged            ||    17
       Rpst.: Falchion   ||     2

Table legend:
 A = Non-vault XP
 B = Vault XP
 C = Vault XP percentage of total XP
 D = Non-vault monster count
 E = Vault monster count
 F = Vault count percentage of total count
                 A         B        C        D         E       F
            +---------+---------+-------+---------+---------+-------
      Total |      21 |       0 |   0.0 |      13 |       0 |   0.0
            +---------+---------+-------+---------+---------+-------
        D:1 |      21 |       0 |   0.0 |      13 |       0 |   0.0
            +---------+---------+-------+---------+---------+-------
